 Dungeon Crawl Stone Soup version 0.27-a0-13-g87abb2d9eb (webtiles) character file.

Game seed: 13477732072677823624

80 Dirian the Shield-Bearer (level 4, 0/40 HPs)
             Began as a Minotaur Fighter on Jan 3, 2021.
             Killed by divine providence
             ... invoked by an orc priest
              (13 damage)
             ... on level 2 of the Dungeon.
             The game lasted 00:01:37 (1131 turns).

Dirian the Shield-Bearer (Minotaur Fighter)         Turns: 1131, Time: 00:01:38

Health: 0/40       AC:  7    Str: 20    XL:     4   Next: 18%
Magic:  3/3        EV:  7    Int:  5    God:
Gold:   77         SH:  9    Dex: 11    Spells: 3/3 levels left

rFire    . . .     SeeInvis .   a - +0 war axe
rCold    . . .     Faith    .   c - +0 kite shield
rNeg     . . .     Spirit   .   b - +0 scale mail
rPois    .         Reflect  .   (helmet restricted)
rElec    .         Harm     .   (no cloak)
rCorr    .         Rampage  .   (no gloves)
Will     .....                  (no boots)
Stlth    ..........             (no amulet)
HPRegen  0.13/turn              (no ring)
MPRegen  0.08/turn              (no ring)

@: no status effects
A: retaliatory headbutt, horns 2
a: no special abilities


You were on level 2 of the Dungeon.
You visited 1 branch of the dungeon, and saw 2 of its levels.

You collected 77 gold pieces.

Inventory:

Hand Weapons
 a - a +0 war axe (weapon)
Armour
 b - a +0 scale mail (worn)
 c - a +0 kite shield (worn)
Scrolls
 g - 6 scrolls of remove curse {unknown}
 i - a scroll of blinking {unknown}
 j - 2 scrolls of magic mapping {unknown}
 l - 4 scrolls of identify {unknown}
Potions
 d - a potion of might
 e - a potion of flight {unknown}
 f - a potion of ambrosia {unknown}
 h - 3 potions of curing {unknown}
 k - a potion of brilliance {unknown}


   Skills:
 + Level 4.2 Fighting
 + Level 3.3 Axes
 + Level 4.3 Armour
 + Level 4.5 Shields


You had 3 spell levels left.
You didn't know any spells.
Your spell library was empty.

Dungeon Overview and Level Annotations

Branches:
Dungeon (2/15)

Altars:
Ashenzari
Trog


Innate Abilities, Weirdness & Mutations

You reflexively headbutt those who attack you in melee.
You have a pair of horns on your head.


Message History

You kill the rat!
You block the bat's attack. x2
You closely miss the orc priest.
Your shield prevents you from hitting the bat.
You block the bat's attack. You block the orc priest's attack.
You block the bat's attack.
You slash the orc priest!
The orc priest is severely wounded.
You barely miss the bat. You block the bat's attack.
The bat hits you but does no damage.
The orc priest calls down the wrath of Beogh upon you.
Beogh smites you!
Your shield and scale mail prevent you from hitting the orc priest.
You headbutt the orc priest.
The orc priest is almost dead.
The bat barely misses you. x2; You furiously retaliate!
You headbutt the bat!
You kill the bat!
The orc priest mumbles some strange prayers to Beogh against you.
Beogh smites you!
You die...

...... #......
....... ######
.<..... #....###
..r.... #....oo#
.......
#...@#.##.......
##..##.hbho....#
#)######oo#..##
#.# ..... ##.#
.o..... #).#
#o..... ##.##
.o.... #..#
...... #.##
#.#......


You could see an orc priest and an orc.

Vanquished Creatures
  An orc wizard (D:2)
  An adder (D:2)
  An ooze (D:1)
  2 leopard geckos (D:2)
  A giant cockroach (D:2)
  7 goblins
  3 hobgoblins (D:2)
  2 jackals (D:2)
  6 kobolds
  7 bats
  3 frilled lizards
  7 rats
41 creatures vanquished.

Notes
Turn   | Place    | Note
-------+----------+-------------------------------------------
     0 | D:1      | Dirian the Minotaur Fighter began the quest for the Orb.
     0 | D:1      | Reached XP level 1. HP: 19/19 MP: 0/0
   324 | D:1      | Reached XP level 2. HP: 27/27 MP: 1/1
   870 | D:2      | Reached XP level 3. HP: 33/33 MP: 2/2
   914 | D:2      | Found a broken altar of Ashenzari.
   920 | D:2      | Found a bloodstained altar of Trog.
  1128 | D:2      | Reached XP level 4. HP: 22/40 MP: 3/3
  1131 | D:2      | Killed from afar by an orc priest

Illustrated notes

Levels and vault maps discovered:
D:1:      psy_arrival_conway, layout_basic, chequers_serial_rivers_large_a
D:2:      cheibrodos_pilgrimage, layout_rooms, minitemple, st_stairs_1

Skill      XL: |  1  2  3 |
---------------+----------+-----
Shields        | 4 |  4.5
Fighting       | 4 |  4.2
Armour         | 4 |  4.3
Axes           | 3 |  3.3

Action                   |  1- 3 |  4- 6 || total
-------------------------+-------+-------++-------
Melee: War axe           |    87 |     4 ||    91
       Headbutt          |    10 |     2 ||    12
Armor: Scale mail        |    33 |     1 ||    34
Dodge: Dodged            |    26 |     2 ||    28
Block: Kite shield       |    68 |     6 ||    74

Table legend: (Time is in decaauts)
 A = Elapsed time spent in this place.
 B = Non-inter-level travel time spent in this place.
 C = Inter-level travel time spent in this place.
 D = Time resting spent in this place.
 E = Time spent auto-exploring this place.
 F = Levels seen in this place.
 G = Mean time per level.
                   A        B        C        D        E       F      G
               +--------+--------+--------+--------+--------+-----+--------+
         Total |   1185 |   1154 |     31 |      0 |    917 |   2 |  592.5 |
       Dungeon |   1185 |   1154 |     31 |      0 |    917 |   2 |  592.5 |
               +--------+--------+--------+--------+--------+-----+--------+

Top non-repeatable levels by time:
     D:1: 858 daAuts
     D:2: 327 daAuts
